 Dungeon Crawl Stone Soup version 0.22-a0-374-g5dfd9e3 (webtiles) character file.

214 JeffiDaFish the Digger (level 5, 0/28 HPs)
             Began as a Gargoyle Earth Elementalist on Apr 26, 2018.
             Slain by a worm (9 damage)
             ... on level 3 of the Dungeon.
             The game lasted 00:07:32 (2679 turns).

JeffiDaFish the Digger (GrEE)                       Turns: 2679, Time: 00:07:32

Health: 0/28       AC:  7    Str: 10 (11) XL:     5   Next: 91%
Magic:  0/11       EV: 13    Int: 16 (17) God:
Gold:   121        SH:  0    Dex:  8 (10) Spells: 3/12 levels left

rFire    . . .     SeeInvis +   g - +0 dagger
rCold    . . .     Gourm    .   (no shield)
rNeg     + . .     Faith    .   c - +0 robe
rPois    ∞         Spirit   .   e - +0 helmet
rElec    +         Reflect  .   (no cloak)
rCorr    .         Harm     .   (no gloves)
MR       .....                  (no boots)
Stlth    ++........             (no amulet)
HPRegen  0.09/turn              f - ring of see invisible
MPRegen  0.12/turn              j - +1 ring of evasion

@: very slightly contaminated
A: negative energy resistance 1, electricity resistance, unbreathing,
petrification resistance, rot immunity, AC +4
a: no special abilities


You were on level 3 of the Dungeon.
You were not hungry.

You visited 1 branch of the dungeon, and saw 3 of its levels.

You collected 121 gold pieces.

Inventory:

Hand Weapons
 g - a +0 dagger (weapon)
Missiles
 b - 58 stones (quivered)
Armour
 c - a +0 robe (worn)
 e - a +0 helmet (worn)
Jewellery
 f - a ring of see invisible (left hand)
 j - a +1 ring of evasion (right hand)
Wands
 l - a wand of flame (24)
Scrolls
 h - 4 scrolls of remove curse
 m - a scroll of identify
Potions
 a - 3 potions of ambrosia
 i - a potion of cancellation
Comestibles
 d - 5 rations
 k - a chunk of flesh


   Skills:
 - Level 1.5 Dodging
 - Level 2.1 Stealth
 + Level 4.1 Spellcasting
   Level 0.7 Transmutations
 + Level 6.0 Earth Magic


You had 3 spell levels left.
You knew the following spells:

 Your Spells              Type           Power        Failure   Level  Hunger
a - Sandblast             Erth           ###...       1%          1    None
b - Stone Arrow           Conj/Erth      ##....       14%         3    ###....
c - Lee's Rapid Deconstr  Erth           ###.......   36%         5    ######.


Dungeon Overview and Level Annotations

Branches:
Dungeon (3/15)

Altars:


Innate Abilities, Weirdness & Mutations

You are resistant to torment.
Your stone body is resilient. (AC +4)
You are immune to poison.
You resist negative energy. (rN+)
You are resistant to electric shocks. (rElec)
You can survive without breathing.
You are immune to petrification.
You are immune to rotting.


Message History

The worm closely misses you.
You hit the worm.
The worm is severely wounded.
The hobgoblin hits you but does no damage.
The orc hits you but does no damage.
You hit the worm.
The worm is severely wounded.
The worm bites you but does no damage. The hobgoblin closely misses you.
The orc completely misses you.
You completely miss the worm.
The worm is severely wounded.
The hobgoblin hits you but does no damage.
The orc closely misses you. The worm bites you!
You barely miss the worm.
The worm is heavily wounded.
The hobgoblin hits you but does no damage.
You hit the worm.
The worm is severely wounded.
The worm bites you!
You die...

.........# ....r....##
.....§oo.. .g.....#
.o..o.# #.#...# #.##..#
#########r##..#######
#......@g...........# #
#.....woo...........## #
#....................###
#...(...................
#.......................
#...................#...
#.....................##
##########...........#..
#######...##.......


You could see a worm, an orc priest, an orc, a hobgoblin and a rat (wandering).

Vanquished Creatures
  An orc wizard (D:3)
  Natasha (thrice) (D:2)
  4 gnolls (D:2)
  An adder (D:2)
  2 worms (D:2)
  A leopard gecko (D:2)
  2 orcs (D:3)
  3 ball pythons
  2 giant cockroaches (D:2)
  8 hobgoblins
  A jackal (D:1)
  8 bats
  7 frilled lizards
  8 goblins
  4 kobolds
  6 rats
61 creatures vanquished.

Notes
Turn   | Place    | Note
-------+----------+-------------------------------------------
     0 | D:1      | JeffiDaFish the Gargoyle Earth Elementalist began the quest for the Orb.
     0 | D:1      | Reached XP level 1. HP: 10/10 MP: 3/3
   404 | D:1      | Reached skill level 4 in Earth Magic
   404 | D:1      | Reached XP level 2. HP: 15/15 MP: 3/5
  1376 | D:2      | Noticed Natasha
  1379 | D:2      | Killed Natasha
  1379 | D:2      | Reached XP level 3. HP: 19/19 MP: 4/7
  1399 | D:2      | Noticed Natasha
  1406 | D:2      | Killed Natasha
  1406 | D:2      | Reached XP level 4. HP: 8/24 MP: 2/8
  1419 | D:2      | Reached skill level 5 in Earth Magic
  1712 | D:2      | Reached XP level 5. HP: 28/28 MP: 5/10
  1780 | D:2      | Learned a level 3 spell: Stone Arrow
  2002 | D:2      | Noticed Natasha
  2002 | D:2      | Killed Natasha
  2016 | D:2      | Learned a level 5 spell: Lee's Rapid Deconstruction
  2672 | D:3      | Reached skill level 6 in Earth Magic
  2679 | D:3      | Slain by a worm

Vault maps used:
D:1:      dpeg_arrival_brainrot, minmay_tetromino_t4
D:2:      uniq_natasha
D:3:      portal_sewer_entry_d, first_ration, roderic_nine_men_s_morris

Skill      XL: |  1  2  3  4  5 |
---------------+----------------+-----
Earth Magic    | 4 5 6 |  6.0
Spellcasting   | 3 4 |  4.1
Dodging        | |  1.5
Stealth        | |  2.1
Transmutations | |  0.7

Action                   |  1- 3 |  4- 6 || total
-------------------------+-------+-------++-------
Melee: Unarmed           |    40 |       ||    40
       Dagger            |    15 |    63 ||    78
 Cast: Sandblast         |    24 |    41 ||    65
       Stone Arrow       |       |     3 ||     3
  Use: Scroll            |     7 |     1 ||     8
       Potion            |     2 |     5 ||     7
 Stab: Sleeping          |     1 |       ||     1
  Eat: Chunk             |     1 |     5 ||     6
Armor: Robe              |    19 |    24 ||    43
Dodge: Dodged            |    36 |    42 ||    78

Table legend:
 A = Spawn XP
 B = Non-spawn XP
 C = Spawn XP percentage of total XP
 D = Spawn monster count
 E = Non-spawn monster count
 F = Spawn count percentage of total count
 G = Total turns spent on level
                    A         B        C        D         E        F      G
               +---------+---------+-------+---------+---------+-------+---------
         Total |       0 |     306 |   0.0 |       0 |      61 |   0.0 |  2679
               +---------+---------+-------+---------+---------+-------+---------
           D:1 |       0 |      31 |   0.0 |       0 |      20 |   0.0 |  1539
           D:2 |       0 |     226 |   0.0 |       0 |      35 |   0.0 |  1026
           D:3 |       0 |      49 |   0.0 |       0 |       6 |   0.0 |   114
               +---------+---------+-------+---------+---------+-------+---------
